Map: Pillars of Gold LE

Players

Reynor - Winner!

  • Race: Zerg Zerg
  • Spawn Location: 7:00

Dream

  • Race: Terran Terran
  • Spawn Location: 1:00

Event: IEM Katowice 2021

VOD

Have the link to the VOD?

Description

Time

  • Played on: Feb. 24, 2021, 8:21 a.m.
  • Length: 20:29

All games in this series

Show
View Real Time Build Order
Export as new Build Order

Reynor Zerg - Winner!

Build Orders: Hatch First, Lurkers 

Get SALT Encoding   

  12  0:00  Drone  
  13  0:12  Overlord  
  13  0:17  Drone  
  14  0:30  Drone x2  
  16  0:50  Hatchery  
  16  0:52  Drone  
  16  0:57  Drone  
  17  1:00  Drone  
  18  1:10  Extractor  
  17  1:16  Spawning Pool  
  16  1:19  Drone  
  16  1:22  Drone  
  18  1:28  Drone  
  19  1:39  Drone  
  20  1:52  Overlord  
  20  2:02  Queen x2  
  20  2:03  Zergling x4  
  26  2:11  Drone  
  26  2:12  Drone  
  28  2:22  Drone  
  29  2:25  Drone  
  30  2:31  Spore Crawler  
  30  2:35  Spore Crawler  
  29  2:38  Hatchery  
  29  2:39  Drone  
  29  2:41  Drone  
  29  2:43  Drone  
  32  2:47  Metabolic Boost  
  32  2:53  Overlord  
  32  2:59  Queen  
  32  3:02  Drone  
  32  3:05  Drone  
  36  3:12  Drone x3  
  39  3:18  Spore Crawler  
  39  3:20  Overlord  
  39  3:23  Queen  
  39  3:25  Drone  
  42  3:27  Drone  
  42  3:29  Drone  
  42  3:33  Overlord  
  44  3:39  Drone  
  45  3:42  Queen  
  45  3:43  Drone x2  
  49  3:48  Overlord  
  49  3:52  Queen  
  49  3:54  Drone  
  52  3:56  Drone  
  52  3:57  Drone  
  52  4:00  Zergling x4  
  52  4:02  Drone  
  57  4:05  Overlord  
  57  4:07  Drone  
  58  4:12  Drone  
  58  4:13  Drone  
  58  4:14  Overlord, Drone  
  61  4:17  Drone  
  61  4:21  Overlord  
  61  4:23  Drone  
  63  4:25  Queen  
  63  4:27  Drone  
  63  4:29  Drone  
  67  4:34  Drone  
  67  4:37  Zergling x2  
  71  4:39  Drone  
  71  4:42  Spore Crawler  
  71  4:45  Spore Crawler  
  70  4:50  Lair  
  70  4:51  Drone x4  
  71  4:54  Extractor  
  71  4:58  Drone, Spore Crawler  
  71  4:59  Drone  
  73  5:00  Zergling x4  
  73  5:01  Overlord  
  73  5:02  Drone  
  73  5:04  Queen  
  73  5:07  Drone x3  
  78  5:12  Spore Crawler  
  78  5:13  Overlord  
  78  5:14  Drone x2  
  78  5:16  Zergling x4  
  78  5:19  Drone  
  83  5:22  Baneling Nest  
  83  5:25  Overlord, Drone  
  83  5:31  Drone  
  83  5:32  Spore Crawler  
  83  5:35  Drone  
  84  5:36  Hatchery, Overlord  
  84  5:39  Drone x3  
  84  5:40  Drone x2  
  88  5:44  Drone x2  
  88  5:45  Queen  
  88  5:46  Extractor  
  88  5:48  Overseer, Extractor  
  88  5:49  Overseer  
  90  5:50  Drone  
  90  5:51  Drone  
  90  5:54  Overlord  
  90  5:55  Drone x2  
  93  5:59  Overlord  
  93  6:00  Drone  
  94  6:06  Overlord  
  94  6:07  Drone  
  94  6:11  Centrifical Hooks  
  94  6:12  Extractor  
  94  6:16  Evolution Chamber, Drone x3  
  94  6:17  Evolution Chamber  
  94  6:21  Zergling x12  
  100  6:25  Overlord  
  100  6:30  Drone x4  
  100  6:32  Drone  
  105  6:34  Drone  
  105  6:39  Drone  
  107  6:42  Overlord  
  107  6:45  Zergling x2  
  108  6:47  Zerg Ground Armor Level 1, Zerg Melee Weapons Level 1  
  108  6:50  Zergling x10  
  108  6:54  Baneling x7  
  113  6:55  Zergling x2  
  113  6:57  Hatchery  
  113  6:59  Drone x4  
  117  7:03  Zergling x8  
  117  7:04  Drone  
  122  7:11  Zergling x6  
  122  7:14  Overlord  
  124  7:16  Drone  
  124  7:17  Drone x2  
  124  7:22  Zergling x10  
  132  7:23  Baneling x7  
  132  7:24  Zergling x4  
  132  7:25  Zergling x4  
  132  7:26  Overlord  
  132  7:29  Baneling x3  
  136  7:30  Baneling x3  
  136  7:31  Zergling x2  
  136  7:35  Zergling x4  
  139  7:37  Zergling x2  
  139  7:40  Spore Crawler  
  139  7:41  Spore Crawler  
  139  7:43  Overlord  
  138  7:45  Zergling x4  
  138  7:50  Zergling x10  
  143  7:52  Overlord  
  143  7:53  Baneling x6  
  143  7:54  Zergling x10  
  143  7:56  Baneling x6  
  148  7:59  Zergling x4  
  148  8:00  Zergling x4  
  147  8:05  Zergling x4  
  147  8:07  Zergling x2  
  147  8:09  Baneling x8  
  147  8:11  Zergling x2  
  147  8:12  Zergling x4  
  145  8:17  Zergling x8  
  145  8:19  Zergling x6  
  146  8:21  Zergling x8  
  146  8:23  Queen  
  146  8:25  Zergling x2  
  146  8:27  Queen  
  153  8:29  Zergling x12  
  153  8:32  Zergling x8  
  165  8:38  Zergling x2  
  160  8:41  Zerg Ground Armor Level 2, Zerg Melee Weapons Level 2  
  160  8:42  Infestation Pit  
  160  8:43  Zergling x8  
  160  8:45  Zergling x6  
  160  8:46  Zergling x2  
  160  8:48  Zergling x6  
  170  8:52  Zergling x4  
  172  8:55  Zergling x4  
  171  9:03  Zergling x4  
  171  9:09  Zergling x8  
  173  9:10  Baneling x8  
  173  9:11  Queen  
  173  9:13  Zergling x4  
  173  9:15  Baneling x6  
  175  9:18  Zergling x10  
  175  9:19  Zergling x12  
  175  9:23  Zergling x2  
  177  9:25  Zergling x4  
  177  9:29  Zergling x2  
  177  9:30  Zergling x2  
  162  9:32  Zergling x2  
  162  9:35  Zergling x2  
  162  9:37  Zergling x4  
  145  9:42  Hive  
  145  9:44  Zergling x10  
  147  9:46  Pneumatized Carapace  
  147  9:47  Zergling x8  
  147  9:50  Baneling x9  
  147  9:51  Drone x3  
  153  9:54  Extractor  
  153  9:58  Drone  
  153  10:02  Hydralisk Den, Drone x4  
  156  10:07  Zergling x2  
  156  10:08  Zergling x2  
  156  10:11  Zergling x2  
  158  10:14  Drone x6  
  158  10:15  Drone  
  158  10:16  Extractor  
  158  10:17  Extractor  
  158  10:18  Drone x5  
  168  10:22  Zergling x2  
  168  10:23  Zergling x4  
  168  10:24  Baneling  
  168  10:28  Zergling x8  
  174  10:31  Hatchery, Drone  
  174  10:32  Drone, Spore Crawler x2  
  174  10:33  Spore Crawler  
  174  10:34  Lurker Den  
  171  10:36  Zergling x2  
  171  10:40  Zergling x6  
  172  10:43  Drone  
  172  10:44  Drone x3  
  172  10:45  Spore Crawler  
  172  10:46  Overlord, Spore Crawler  
  170  10:57  Infestor, Drone x4  
  170  10:58  Drone  
  170  10:59  Extractor  
  170  11:00  Overlord  
  170  11:01  Overlord, Viper x2  
  181  11:07  Zergling x18  
  181  11:11  Zergling x4  
  189  11:13  Overlord  
  189  11:15  Baneling x10  
  189  11:17  Zerg Missile Weapons Level 1, Zerg Ground Armor Level 3  
  189  11:23  Hydralisk x6  
  199  11:25  Drone  
  199  11:34  Seismic Spines  
  199  11:38  Zergling x6  
  199  11:39  Adrenal Glands  
  195  11:56  Lurker x3  
  194  12:17  Lurker  
  194  12:18  Lurker x2  
  197  12:23  Zergling x2  
  197  12:24  Zergling x4  
  197  12:27  Baneling x6  
  197  12:28  Overseer  
  200  12:44  Hatchery  
  200  12:46  Drone  
  200  12:50  Extractor  
  199  12:52  Spine Crawler, Spore Crawler  
  199  12:54  Spore Crawler  
  199  12:56  Drone x4, Nydus Network  
  199  12:59  Nydus Network  
  199  13:00  Drone x2  
  194  13:13  Zerg Missile Weapons Level 2  
  194  13:17  Zergling x12  
  185  13:38  Hydralisk x2, Zergling x10  
  185  13:39  Zergling x34, Hydralisk  
  185  13:40  Zergling x2  
  189  13:41  Hydralisk  
  189  13:42  Zergling x24  
  194  13:49  Drone x4  
  194  13:50  Drone x2  
  194  13:51  Extractor  
  194  13:52  Extractor  
  194  13:53  Overseer  
  198  13:56  Overseer  
  198  13:57  Overseer  
  198  13:59  Baneling  
  198  14:00  Baneling x9  
  198  14:11  Lurker x2  
  198  14:15  Nydus Canal x2  
  200  14:23  Hatchery  
  199  14:25  Zergling x2  
  199  14:27  Hatchery, Baneling x13  
  199  14:35  Zerg Melee Weapons Level 3  
  199  14:36  Nydus Canal  
  199  14:39  Nydus Canal  
  193  14:50  Hydralisk  
  193  14:51  Zergling x28  
  193  14:52  Zergling x6  
  189  14:54  Hydralisk  
  189  14:55  Zergling x16  
  189  14:58  Hydralisk, Overlord  
  189  14:59  Zergling x12  
  194  15:02  Nydus Canal x2  
  194  15:06  Hydralisk, Zergling x2  
  194  15:09  Baneling x19  
  194  15:12  Overlord  
  194  15:19  Baneling x7  
  194  15:20  Baneling x2  
  194  15:24  Nydus Canal x2  
  194  15:26  Zergling x12  
  200  15:34  Zerg Missile Weapons Level 3  
  194  15:49  Hydralisk  
  171  15:50  Zergling x38  
  171  15:51  Zergling x26  
  171  15:55  Nydus Canal  
  190  15:57  Viper x2  
  190  15:58  Hydralisk  
  190  15:59  Zergling x4  
  190  16:02  Baneling x4  
  190  16:03  Baneling x11  
  200  16:09  Baneling x6  
  200  16:15  Baneling x8  
  200  16:18  Lurker x2  
  195  16:35  Zergling x12  
  195  16:38  Baneling  
  195  16:39  Baneling x7  
  199  16:46  Hydralisk x2  
  199  16:47  Hydralisk x3  
  185  16:48  Zergling x22  
  185  16:49  Hydralisk x3  
  185  16:51  Hydralisk  
  185  16:52  Zergling x2  
  185  16:54  Adaptive Talons  
  198  16:55  Zergling x2  
  198  16:56  Overlord x3  
  198  17:00  Zergling x16  
  194  17:02  Baneling  
  194  17:03  Baneling x14  
  194  17:06  Zergling x12  
  197  17:15  Zergling x4  
  199  17:18  Overseer x3  
  199  17:29  Overseer  
  191  17:48  Hydralisk  
  191  17:49  Zergling x40  
  190  17:54  Hydralisk, Zergling x20  
  195  17:58  Hydralisk  
  195  18:02  Hydralisk, Zergling x2  
  195  18:03  Zergling x12  
  200  18:12  Baneling  
  200  18:13  Baneling x10  
  200  18:16  Baneling x20  
  200  18:17  Baneling x2  
  200  18:21  Baneling  
  200  18:22  Baneling x10  
  200  18:25  Baneling x3  
  200  18:35  Baneling x8  
  200  18:39  Zergling x10  
  197  18:44  Nydus Canal x2  
  197  18:46  Zergling x10  
  194  18:59  Hydralisk, Zergling x2  
  194  19:00  Zergling x12  
  194  19:01  Hydralisk  
  194  19:02  Zergling x4  
  197  19:06  Hydralisk  
  197  19:07  Zergling x14  
  196  19:11  Zergling x16  
  200  19:27  Baneling x10  
  200  19:28  Baneling x12  
  200  19:29  Overseer  
  200  19:34  Lurker  
  200  19:35  Lurker x4  
  196  19:45  Zergling x2  
  196  19:46  Zergling x12  
  196  19:47  Viper  
  196  19:51  Zergling x4  
  196  19:52  Zergling x2  
  185  19:53  Zergling x16  
  185  19:55  Nydus Canal  
  185  19:56  Nydus Canal  
  185  19:59  Zergling x2  
  190  20:00  Overlord  
  190  20:05  Zergling x28  
  188  20:07  Overlord  
Show
View Real Time Build Order
Export as new Build Order

Dream Terran 

Build Orders: Reaper Expand, Hellion Banshee 

Get SALT Encoding   

  12  0:00  SCV  
  13  0:12  SCV  
  14  0:18  Supply Depot  
  14  0:24  SCV  
  15  0:39  SCV  
  15  0:41  Barracks  
  16  0:46  Refinery  
  16  0:52  SCV  
  17  1:04  SCV  
  18  1:16  SCV  
  19  1:28  Reaper, Orbital Command  
  20  1:43  Command Center  
  20  1:52  Supply Depot  
  20  1:54  SCV  
  20  2:00  Marine  
  22  2:06  SCV  
  23  2:10  Factory  
  23  2:18  SCV  
  24  2:23  Barracks Reactor  
  24  2:30  SCV  
  25  2:40  Command Center  
  25  2:43  SCV  
  26  2:56  Orbital Command  
  26  2:58  SCV  
  27  3:02  Starport  
  27  3:07  Refinery  
  27  3:10  SCV  
  28  3:14  Hellion  
  32  3:20  Hellion  
  32  3:22  SCV  
  32  3:26  Barracks Tech Lab  
  33  3:27  SCV  
  34  3:34  SCV  
  34  3:37  Hellion  
  34  3:39  SCV  
  40  3:41  Hellion  
  40  3:46  SCV  
  41  3:51  SCV, Banshee  
  45  3:56  Orbital Command  
  45  3:59  SCV  
  45  4:01  Cloaking Field  
  46  4:03  SCV  
  46  4:05  Hellion  
  49  4:10  Hellion  
  49  4:11  SCV  
  49  4:15  SCV  
  52  4:23  SCV, Barracks Tech Lab  
  54  4:25  Orbital Command  
  54  4:27  SCV  
  54  4:30  Supply Depot  
  56  4:34  Banshee  
  56  4:35  SCV  
  58  4:38  Barracks  
  58  4:41  Stimpack  
  58  4:42  Barracks  
  58  4:43  SCV  
  58  4:45  Supply Depot  
  59  4:46  Marine  
  59  4:47  SCV  
  59  4:52  Factory Reactor  
  61  4:53  SCV  
  61  4:54  Refinery  
  61  4:55  Refinery  
  61  4:56  SCV  
  63  5:00  SCV  
  63  5:03  Marine  
  63  5:06  SCV, Engineering Bay  
  66  5:08  SCV, Engineering Bay  
  66  5:12  SCV  
  68  5:18  SCV, Supply Depot  
  68  5:20  SCV  
  70  5:21  Marine  
  70  5:24  SCV  
  70  5:25  Marine  
  73  5:30  SCV, Barracks, Starport Reactor  
  73  5:31  Supply Depot  
  73  5:32  SCV  
  73  5:34  Barracks, Marine  
  76  5:36  SCV  
  76  5:39  Marine x3  
  76  5:42  SCV, Supply Depot  
  81  5:44  SCV  
  81  5:48  SCV, Marine  
  84  5:52  Marine  
  84  5:53  Siege Tank  
  84  5:54  SCV  
  84  5:57  SCV  
  90  6:00  Marine x2, Supply Depot  
  90  6:02  Terran Infantry Weapons Level 1, Terran Infantry Armor Level 1  
  92  6:06  Medivac  
  92  6:07  SCV  
  92  6:09  Medivac  
  98  6:11  SCV  
  98  6:12  SCV  
  98  6:16  Supply Depot  
  99  6:19  SCV, Marine  
  99  6:21  Marine x2  
  99  6:23  Barracks Reactor x2  
  103  6:26  SCV  
  103  6:28  SCV  
  103  6:31  SCV, Supply Depot  
  103  6:32  Siege Tank  
  109  6:35  Supply Depot x2  
  109  6:36  Refinery  
  109  6:37  Marine x2  
  111  6:41  Combat Shield  
  111  6:43  SCV  
  111  6:44  SCV, Supply Depot  
  111  6:46  Supply Depot  
  113  6:49  Armory  
  113  6:50  SCV  
  113  6:51  Marine x3  
  117  6:55  Marine  
  117  6:56  Refinery  
  117  6:57  SCV  
  117  6:59  SCV  
  120  7:02  SCV  
  120  7:06  Marine x2  
  121  7:08  Marine x2  
  121  7:09  Marine x4  
  121  7:13  Marine  
  121  7:14  Medivac x2  
  131  7:18  Siege Tank  
  134  7:23  Marine  
  134  7:24  Marine  
  134  7:26  Marine x2  
  134  7:27  Marine x3  
  141  7:32  Marine x2  
  141  7:33  Supply Depot  
  143  7:37  Supply Depot  
  143  7:41  Marine x2  
  145  7:44  Marine x2  
  145  7:45  Marine x3  
  145  7:50  Marine x2  
  152  7:59  Command Center, Marine x2, Factory  
  153  8:06  Marine x2  
  153  8:07  SCV x3  
  153  8:08  Marine  
  153  8:09  Marine x3  
  154  8:17  Marine x2  
  154  8:19  SCV, Terran Infantry Weapons Level 2  
  157  8:20  Terran Infantry Armor Level 2  
  157  8:26  Marine x2  
  159  8:30  Marine x2  
  159  8:33  Marine  
  159  8:34  Marine  
  163  8:36  Marine x2  
  165  8:43  Marine  
  165  8:44  Marine  
  167  8:50  Siege Tank, Factory Reactor  
  167  8:51  Supply Depot  
  167  8:52  Marine  
  167  8:53  Marine x2  
  167  8:54  Marine  
  170  8:59  Marine x2  
  170  9:02  Command Center  
  171  9:04  Marine, Supply Depot  
  171  9:05  Marine  
  173  9:10  Supply Depot  
  173  9:11  Supply Depot  
  173  9:12  Drilling Claws, Supply Depot  
  173  9:14  Factory Tech Lab  
  173  9:20  Marine x5  
  173  9:21  Marine  
  173  9:22  Marine  
  173  9:24  SCV x3  
  148  9:33  Marine  
  148  9:34  Marine  
  148  9:36  SCV x2  
  148  9:37  Marine x2  
  148  9:38  SCV  
  117  9:39  Marine  
  117  9:41  Siege Tank  
  117  9:42  Medivac  
  114  9:48  Medivac, SCV x2  
  119  9:57  Command Center  
  118  10:00  Siege Tank  
  118  10:03  Marine x3  
  118  10:04  Marine  
  118  10:05  Marine x3  
  128  10:11  Marine x2  
  128  10:19  Siege Tank  
  128  10:21  Medivac  
  133  10:24  Marine x2  
  133  10:25  Marine x2  
  133  10:26  Marine  
  133  10:27  Marine  
  138  10:30  Marine x3  
  138  10:32  Siege Tank  
  144  10:36  SCV x3  
  144  10:42  Marine x4  
  150  10:53  Terran Infantry Weapons Level 3, Terran Infantry Armor Level 3, Sensor Tower  
  153  11:04  Barracks, Siege Tank x2  
  153  11:05  Barracks x2  
  153  11:06  Marauder  
  158  11:14  Marine x3  
  158  11:15  Marine x3  
  158  11:16  Marine  
  165  11:20  SCV x2  
  165  11:21  SCV  
  167  11:33  Missile Turret  
  167  11:36  Liberator x2, Planetary Fortress  
  173  11:42  Marine x3  
  173  11:59  Barracks Tech Lab x3  
  173  12:04  Command Center  
  173  12:05  Command Center  
  173  12:07  Siege Tank  
  176  12:18  Marauder x3  
  176  12:19  Marauder  
  184  12:23  Terran Vehicle Weapons Level 1  
  184  12:25  Ghost Academy  
  184  12:26  Siege Tank  
  184  12:28  Missile Turret  
  187  12:33  Factory  
  187  12:43  Siege Tank  
  190  12:46  Concussive Shells  
  190  12:49  Refinery  
  190  12:50  Refinery  
  190  12:52  Missile Turret  
  190  12:54  Sensor Tower  
  190  12:58  Siege Tank  
  193  13:01  Missile Turret  
  193  13:03  Personal Cloaking  
  186  13:15  Siege Tank  
  186  13:19  Factory Tech Lab  
  189  13:30  Siege Tank  
  163  13:43  Viking  
  163  13:44  Viking  
  163  13:47  Siege Tank  
  165  13:50  Command Center  
  165  13:52  Barracks  
  165  13:53  Orbital Command  
  165  14:01  Siege Tank  
  165  14:02  Siege Tank  
  171  14:19  Siege Tank  
  174  14:24  Planetary Fortress  
  174  14:27  Refinery  
  174  14:28  Refinery  
  174  14:29  Ghost x2  
  174  14:30  Command Center  
  178  14:34  Siege Tank x2  
  184  14:42  Missile Turret  
  184  14:46  Missile Turret  
  184  14:47  Orbital Command  
  184  14:51  Siege Tank  
  154  15:03  SCV x3  
  154  15:06  Siege Tank x2  
  162  15:14  Terran Vehicle Weapons Level 2  
  162  15:15  SCV  
  162  15:18  Viking x2  
  167  15:23  Siege Tank  
  167  15:27  Planetary Fortress  
  170  15:33  Missile Turret  
  170  15:40  Sensor Tower  
  158  15:51  SCV x4  
  158  15:56  Siege Tank x2  
  162  16:03  SCV x2  
  162  16:04  Missile Turret  
  164  16:05  Orbital Command  
  156  16:24  SCV  
  156  16:25  SCV x3, Command Center  
  160  16:37  SCV x3, Orbital Command  
  160  16:39  SCV  
  161  16:48  Siege Tank x3  
  161  16:49  SCV x2  
  161  16:53  SCV x2  
  145  17:01  SCV x2  
  139  17:06  Command Center, Marine x5  
  143  17:20  Siege Tank x2  
  143  17:22  Siege Tank  
  152  17:42  Sensor Tower  
  152  17:44  Missile Turret  
  150  17:45  Ghost x2  
  150  17:46  Marine  
  150  17:48  SCV  
  150  17:50  Marine x2  
  133  17:52  Siege Tank x2  
  133  17:53  Orbital Command  
  133  17:56  Siege Tank  
  132  18:00  SCV  
  132  18:18  Sensor Tower, Missile Turret  
  132  18:24  Siege Tank x2  
  138  18:28  Siege Tank  
  138  18:30  Missile Turret  
  142  18:34  SCV x5  
  142  18:35  Refinery x2  
  146  18:46  SCV x4  
  146  18:47  Viking  
  152  18:49  Viking  
  151  18:56  Marine x10  
  151  18:57  Marine  
  151  18:58  SCV x2  
  135  19:08  Siege Tank x2  
  118  19:13  SCV x3  
  118  19:14  Marine x10  
  118  19:15  Marine  
  122  19:25  SCV x2  
  122  19:30  Orbital Command  
  124  19:31  Marine x2  
  124  19:32  Marine x4  
  130  19:40  Marine x4  
  130  19:43  Marine x2  
  128  19:49  Marine x4  
  128  19:51  Marine  
  110  19:54  Marine  
  110  19:58  Marine  
  105  20:02  Marine  
  105  20:03  Marine  
  105  20:05  Marine  
  104  20:07  Marine  
  104  20:10  Marine  

Tags
 
Add a new tag
Caveats
  • Supply blocks, unpowered buildings, or Contaminate may cause inaccurate times.
  • Supply counts are checked every 10 seconds.